 Dungeon Crawl Stone Soup version 0.14.1-23-g35e4e54 (webtiles) character file.

192 Ales the Poker (level 4, -9/41 HPs)
             Began as a Minotaur Berserker on June 13, 2014.
             Was a Believer of Trog.
             Mangled by a gnoll
             ... wielding a +0,+0 flail
              (11 damage)
             ... on Level 2 of the Dungeon.
             The game lasted 00:08:56 (1499 turns).

Ales the Poker (Minotaur Berserker)                 Turns: 1499, Time: 00:08:56

HP  -9/41        AC  2     Str 22      XL: 4   Next: 38%
MP   2/2         EV 12     Int  4      God: Trog [**....]
Gold 98          SH  0     Dex 10      Spells:  0 memorised,  3 levels left

rFire  + . .     SeeInvis .     a - +0 spear
rCold  x . .     Clarity  .     b - +0 animal skin
rNeg   . . .     Conserve .     (no shield)
rPois  .         rCorr    .     (helmet restricted)
rElec  .         rRot     .     (no cloak)
SustAb . .       Spirit   .     (no gloves)
rMut   .         Warding  .     (no boots)
Saprov . . .     Stasis   .     (no amulet)
MR     .....                    (no ring)
                                e - ring of fire

@: not resistant to hostile enchantments, unstealthy
A: retaliatory headbutt, horns 2
a: Burn Spellbooks, Berserk, Trog's Hand, Renounce Religion


You were on level 2 of the Dungeon.
You worshipped Trog.
Trog was pleased with you.
You were not hungry.

You visited 1 branch of the dungeon, and saw 2 of its levels.

You collected 98 gold pieces.

Inventory:

Hand weapons
 a - a +0,+0 spear (weapon)
 i - a +1,+0 mace
Missiles
 m - 5 tomahawks (quivered)
Armour
 b - a +0 animal skin (worn)
 k - a cursed +0 buckler
Comestibles
 c - 3 bread rations
 j - a rotting chunk of bat flesh
 l - a chunk of rat flesh
Scrolls
 f - a scroll of identify
Jewellery
 e - a ring of fire (left hand)
 h - an uncursed ring of protection from fire {unknown}
Potions
 d - 2 potions of cure mutation {unknown}
 g - a potion of resistance {unknown}


   Skills:
 + Level 4.6 Fighting
 + Level 4.7 Polearms
 + Level 2.8 Armour
 + Level 3.1 Dodging


You had 3 spell levels left.
You didn't know any spells.

Dungeon Overview and Level Annotations

Branches:
Dungeon (2/15)

Altars:


Innate Abilities, Weirdness & Mutations

You reflexively headbutt those who attack you in melee.
You have a pair of horns on your head.


Message History

Trog accepts your kill.
Your Dodging skill increases to level 3!
A giant newt comes into view.
The gnoll hits you from afar with a halberd!
* * * LOW HITPOINT WARNING * * *
The gnoll throws a dart.
The dart hits you!
* * * LOW HITPOINT WARNING * * *
The gnoll throws a dart.
The dart hits you!
* * * LOW HITPOINT WARNING * * *
You see here 2 darts.
The gnoll throws a dart.
The dart misses you.
The gnoll throws a dart.
The dart misses you.
You see here a dart.
You hit the gnoll. You headbutt the gnoll.
The gnoll is moderately wounded.
The gnoll misses you.
You hit the gnoll. Your headbutt misses the gnoll.
The gnoll is heavily wounded.
The gnoll hits you with a flail!
You die...

#............)#......###
.........................
#............g.(...<.##
#.............(.g###(#
#...........(....# #.#
###....)...........# #.# #.#
..................(# #.# #.#
###.....)..#######.###.# #.#
................@gh(##.# #.#
#####<.........###..##.#####.###
#..........###..##.........#
#####...............##.........#
........<......................#
#####..........###....(........#
.>...........%.................#
#####..###########..)#)##.##.###
...... ...........#.##.##.#


You could see a gnoll and a jackal.

Vanquished Creatures
  Jessica (D:2)
  A gnoll (D:2)
  2 adders (D:2)
  A giant gecko (D:1)
  A ball python (D:2)
  3 giant cockroaches (D:1)
  3 goblins
  7 hobgoblins
  8 jackals
  8 kobolds (D:1)
  A quokka (D:2)
  7 bats
  A giant newt (D:1)
  4 rats
48 creatures vanquished.

Notes
Turn   | Place    | Note
--------------------------------------------------------------
     0 | D:1      | Ales, the Minotaur Berserker, began the quest for the Orb.
     0 | D:1      | Reached XP level 1. HP: 19/19 MP: 1/1
    95 | D:1      | HP: 1/20 [kobold/short sword (1)]
    96 | D:1      | Reached XP level 2. HP: 1/27 MP: 1/1
   482 | D:1      | Reached skill level 4 in Polearms
   845 | D:1      | Acquired Trog's second power
   871 | D:1      | Reached XP level 3. HP: 33/33 MP: 2/2
  1431 | D:2      | Noticed Jessica
  1437 | D:2      | Killed Jessica
  1437 | D:2      | Reached XP level 4. HP: 36/41 MP: 2/2
  1491 | D:2      | HP: 1/41 [gnoll/ dart (2)]
  1499 | D:2      | Mangled by a gnoll

Action                   |  1- 3 |  4- 6 || total
-------------------------+-------+-------++-------
Melee: Spear             |    98 |     4 ||   102
  Use: Scroll            |     3 |       ||     3
